 Dungeon Crawl Stone Soup version 0.18-a0-1312-gf98331d (webtiles) character file.

2972 GrosslyIncandescent the Martial Artist (level 9, -1/72 HPs)
             Began as a Mummy Monk on Feb 14, 2016.
             Killed from afar by Psyche (12 damage)
             ... with a puff of flame
             ... on level 7 of the Dungeon.
             The game lasted 00:24:42 (12596 turns).

GrosslyIncandescent the Martial Artist (MuMo)      Turns: 12596, Time: 00:24:42

Health: -1/72      AC:  6    Str: 15    XL:     9   Next: 53%
Magic:  9/9        EV: 17    Int:  9    God:
Gold:   441        SH:  0    Dex: 17    Spells: 0 memorised, 8 levels left

rFire  x . .     SeeInvis .       - Unarmed
rCold  + . .     Gourm    .     (no armour)
rNeg   + + +     Faith    .     (no shield)
rPois  ∞         Spirit   .     d - +0 helmet
rElec  .         Dismiss  .     r - +0 cloak
rCorr  .         Reflect  .     m - +1 pair of gloves
SustAt .         Harm     .     (no boots)
MR     +....                    (no amulet)
Stlth  ++........               (no ring)
                                a - +2 ring of protection

@: somewhat resistant to hostile enchantments, unstealthy
A: no food or potions, fire vulnerability, cold resistance 1, negative energy
resistance 3, torment resistance, unbreathing
a: no special abilities


You were on level 7 of the Dungeon.
You were not hungry.

You visited 1 branch of the dungeon, and saw 8 of its levels.

You collected 441 gold pieces.


Innate Abilities, Weirdness & Mutations

You do not eat or drink.
Your flesh is vulnerable to fire.
You are immune to poison.
Your flesh is cold resistant.
You are immune to negative energy.
You are immune to unholy pain and torment.
You can survive without breathing.


   Skills:
 + Level 7.0 Fighting
 - Level 7.0 Dodging
 - Level 1.5 Stealth
 - Level 8.1 Unarmed Combat


You had 8 spell levels left.
You didn't know any spells.

Inventory:

Hand Weapons
 i - a +0 trident (quivered) {Terence's rusted trident}
 j - a +0 club {Ijib's bloody club}
 p - the +6 whip "Giant's Regret" {slash, rC- Str+2 Int+2, unknown}

   It inflicts extra damage upon your enemies.
   It affects your strength (+2).
   It affects your intelligence (+2).
   It makes you vulnerable to cold.
 s - a +1 whip of freezing {Pikel's cruel Whip}
Armour
 d - a +0 helmet (worn)
 e - a +0 robe {Jessica's Rags}
 m - a +1 pair of gloves (worn)
 q - a +2 animal skin {Robin's hide}
 r - a +0 cloak (worn)
Jewellery
 a - a +2 ring of protection (left hand)
Scrolls
 b - a scroll of immolation {!r}
 c - 4 scrolls of identify {@r1}
 f - a scroll of fog
 g - 3 scrolls of remove curse
 h - a scroll of summoning
 k - 2 scrolls of amnesia
 l - 2 scrolls of teleportation {@r4}
 n - 3 scrolls of magic mapping
Books
 o - a book of Clouds

   Spells                             Type                      Level
   a - Mephitic Cloud                 Conjuration/Poison/Air       3
   b - Conjure Flame                  Conjuration/Fire             3
   c - Poisonous Cloud                Conjuration/Poison/Air       6
   d - Freezing Cloud                 Conjuration/Ice/Air          6
   e - Ring of Flames                 Charms/Fire                  7

Dungeon Overview and Level Annotations

Branches:
Dungeon (8/15)             Temple (0/1) D:6
   Lair: D:8-11

Altars:
Dithmenos
Zin

Shops:
D:5 (

Annotations:
D:2 Sigmund
D:3 1 runed door, exclusions: orc priest and orc wizard
D:6 exclusion: 2 downstairs, Prince Ribbit
D:7 Psyche

▒▒▒ ▒▒.▒▒ ▒▒▒ ▒▒...▒▒
▒▒.▒▒
▒▒.....▒▒▒▒...▒▒
▒.......@......▒
▒▒▒▒▒.....▒.▒▒...▒▒▒▒
▒........▒r..▒▒.....▒
▒.▒▒▒▒▒.▒.>...▒▒▒▒▒.▒
▒▒.▒▒▒▒▒▒▒▒...▒▒ ▒.▒
▒.......▒ ▒▒.▒▒ ▒.▒
▒..▒▒▒▒.▒ ▒.▒ ▒.▒
▒..▒ ▒.▒ ▒.▒ ▒.▒
▒..▒▒ ▒.▒ ▒▒'▒▒
▒.▒▒▒▒▒▒▒▒


You could see a quokka.


Message History

A puff of frost appears from out of thin air!
The puff of frost hits you! You resist.
There is a stone staircase leading up here.
Something hits you. The quokka closely misses you. Something hits you.
Something burns you.
You climb upwards.
There is a stone staircase leading down here.
Something hits you. Something burns you.
You hear some strange, mumbled words.
A puff of flame appears from out of thin air!
The puff of flame misses you.
You closely miss something. Something hits you but does no damage.
You feel much better. Something hits you.
You are electrocuted!
You punch something!
You hear some strange, mumbled words.
A puff of flame appears from out of thin air!
The puff of flame hits you! The fire burns you terribly!
* * * LOW HITPOINT WARNING * * *
You closely miss something. Something barely misses you. Something hits you.
* * * LOW HITPOINT WARNING * * *
You hit something. Something hits you.
* * * LOW HITPOINT WARNING * * *
You are electrocuted!
* * * LOW HITPOINT WARNING * * *
Something hits you but does no damage.
You hear some strange, mumbled words.
A puff of flame appears from out of thin air!
The puff of flame hits you! The fire burns you terribly!
You die...

Action                   |  1- 3 |  4- 6 |  7- 9 || total
-------------------------+-------+-------+-------++-------
Melee: Unarmed           |    94 |   293 |   651 ||  1038
  Use: Scroll            |       |     5 |     7 ||    12
 Stab: Sleeping          |     5 |     5 |     5 ||    15
       Distracted        |       |       |     2 ||     2

Vault maps used:
D:1:      onia_arrival_handbag
D:2:      ecumenical_altar_2, minmay_door_square, hangedman_decor_push,
          uniq_robin, uniq_jessica, uniq_sigmund, uniq_terence
D:3:      marbit_many_paths, lemuel_angel_altar, uniq_iyjb
D:4:      first_bread, corexii_hall_statues_t
D:5:      serial_shops, nicolae_shop_statue_plus, kennysheep_generic_room_11,
          uniq_pikel
D:6:      temple_green, uniq_prince_ribbit1
D:7:      zin_scriptorium
D:8:      minmay_weird_star, bloody_makhleb, serial_glass, glass_columns_b,
          glass_columns_c, glass_columns_c, glass_columns_c, glass_columns_a,
          glass_columns_b, glass_columns_b, glass_columns_c, glass_columns_a,
          glass_columns_b, glass_columns_a, glass_columns_a, glass_columns_a,
          glass_columns_c, minivault_27, uniq_erolcha, uniq_psyche

Notes
Turn   | Place    | Note
--------------------------------------------------------------
     0 | D:1      | GrosslyIncandescent the Mummy Monk began the quest for the Orb.
     0 | D:1      | Reached XP level 1. HP: 18/18 MP: 1/1
   114 | D:1      | Reached XP level 2. HP: 14/24 MP: 2/2
   685 | D:1      | Reached skill level 4 in Unarmed Combat
   925 | D:1      | Reached XP level 3. HP: 29/29 MP: 3/3
  1130 | D:2      | Found a faded altar to an unknown god.
  1130 | D:2      | Noticed Jessica
  1136 | D:2      | Killed Jessica
  1149 | D:2      | Reached XP level 4. HP: 19/35 MP: 4/4
  1371 | D:2      | Noticed Terence
  1535 | D:2      | Reached skill level 5 in Unarmed Combat
  1650 | D:2      | Noticed Sigmund
  1815 | D:2      | Noticed Robin
  2053 | D:2      | Killed Terence
  2053 | D:2      | Reached XP level 5. HP: 27/42 MP: 5/5
  2237 | D:3      | Noticed Ijyb
  2262 | D:3      | Killed Ijyb
  2262 | D:3      | Reached skill level 4 in Fighting
  2335 | D:3      | Found a glowing silver altar of Zin.
  2335 | D:3      | Noticed an angel
  2336 | D:3      | Found a runed door.
  3398 | D:3      | Reached skill level 5 in Fighting
  3414 | D:3      | Found a shadowy altar of Dithmenos.
  3552 | D:3      | Reached XP level 6. HP: 44/51 MP: 6/6
  3863 | D:4      | Reached skill level 3 in Dodging
  4077 | D:4      | Got a transparent whip
  4445 | D:4      | Reached skill level 4 in Dodging
  4713 | D:4      | Reached XP level 7. HP: 20/56 MP: 7/7
  5443 | D:2      | Killed Robin
  5635 | D:5      | Entered Level 5 of the Dungeon
  5686 | D:5      | Noticed Pikel
  6766 | D:5      | Found Senoug's Antique Weapon Shoppe.
  7410 | D:6      | Noticed Prince Ribbit
  7781 | D:4      | Reached skill level 6 in Unarmed Combat
  8077 | D:4      | Killed Pikel
  8077 | D:4      | Reached skill level 7 in Unarmed Combat
  8077 | D:4      | Reached XP level 8. HP: 27/62 MP: 8/8
  8897 | D:4      | Reached skill level 8 in Unarmed Combat
  9504 | D:6      | Reached skill level 6 in Fighting
  9654 | D:6      | Found a staircase to the Ecumenical Temple.
 10188 | D:6      | Reached XP level 9. HP: 48/71 MP: 9/9
 10421 | D:7      | Reached skill level 7 in Fighting
 10560 | D:7      | Reached skill level 5 in Dodging
 11056 | D:7      | HP: 4/72 [orc priest/divine providence (14)]
 11362 | D:6      | that didn't happen
 11362 | D:6      | never happened
 11462 | D:6      | !Platewarrior
 11814 | D:7      | Found a glowing silver altar of Zin.
 11893 | D:7      | Reached skill level 6 in Dodging
 12364 | D:7      | Reached skill level 7 in Dodging
 12572 | D:8      | Noticed Psyche
 12596 | D:7      | Killed from afar by Psyche

Vanquished Creatures
  Pikel (D:4)
  An orc warrior (D:6)
  2 ogres
  4 slaves
  A necrophage (D:7)
  3 sky beasts
  A phantom (D:5)
  2 centaurs
  A giant frog (D:7)
  2 scorpions
  9 wights
  3 hounds
  A jelly (D:7)
  4 orc priests
  A centaur skeleton (D:4)
  8 orc wizards
  3 giant frog skeletons
  Jessica (D:2)
  Ijyb (D:3)
  Terence (D:2)
  4 worker ants
  3 hound skeletons
  Robin (D:2)
  3 gnolls (D:7)
  17 adders
  A shadow imp (D:6)
  5 oozes
  An adder skeleton (D:4)
  A worm (D:3)
  8 giant geckos
  30 orcs
  A ball python (D:1)
  5 bats
  5 giant cockroaches
  9 goblins
  8 hobgoblins
  7 jackals
  3 quokkas
  A giant gecko skeleton (D:7)
  A giant gecko zombie (D:7)
  6 giant newts
  A jackal zombie (D:6)
  5 kobolds
  9 rats
185 creatures vanquished.
